Map: Ephemeron LE

Players

Mortlock - Winner!

  • Race: Terran Terran
  • League: Silver
  • Spawn Location: 5:00

A.I. 1 (Medium)

  • Race: Protoss Protoss
  • Spawn Location: 11:00

VOD

Have the link to the VOD?

Description

Time

  • Played on: Dec. 27, 2019, 6:50 a.m.
  • Length: 10:13
Show
View Real Time Build Order
Export as new Build Order

Mortlock Terran - Winner!

Build Orders: Liberator Opening 

Get SALT Encoding   

  12  0:00  SCV  
  13  0:13  SCV  
  14  0:17  Supply Depot  
  14  0:25  SCV  
  15  0:28  Refinery  
  15  0:39  SCV  
  16  0:46  Barracks  
  16  0:51  SCV  
  17  1:03  SCV  
  18  1:15  SCV  
  19  1:33  Orbital Command  
  19  1:35  Barracks Reactor  
  19  1:45  Command Center  
  19  1:53  Supply Depot  
  19  2:02  SCV  
  20  2:10  Factory  
  20  2:16  Marine x2  
  20  2:21  SCV  
  23  2:25  Refinery  
  23  2:33  SCV, Marine  
  23  2:34  Marine  
  26  2:46  SCV  
  27  2:52  Marine x2  
  27  2:55  Starport  
  27  2:57  Factory Tech Lab  
  27  2:58  SCV  
  30  3:08  Orbital Command  
  30  3:10  SCV  
  31  3:18  Siege Tank  
  34  3:22  SCV  
  34  3:26  Liberator  
  35  3:34  SCV  
  35  3:36  Supply Depot, Marine  
  40  3:49  SCV  
  40  3:51  SCV  
  42  3:59  Supply Depot, Siege Tank  
  45  4:03  SCV x2  
  45  4:09  Marine  
  48  4:10  Marine  
  48  4:16  SCV  
  50  4:17  SCV  
  50  4:22  Supply Depot  
  51  4:28  SCV  
  51  4:29  SCV  
  53  4:34  Marine x2  
  53  4:35  Siege Tank  
  53  4:37  Starport Reactor  
  58  4:40  SCV  
  58  4:42  Refinery  
  58  4:44  Refinery  
  59  4:49  Barracks  
  59  4:51  Barracks  
  59  4:54  SCV x2  
  61  5:02  Supply Depot  
  61  5:06  SCV  
  62  5:14  Medivac, Siege Tank  
  65  5:18  SCV  
  65  5:19  Medivac  
  70  5:25  Supply Depot  
  70  5:29  Marine x2  
  70  5:31  SCV  
  73  5:37  Engineering Bay  
  73  5:39  SCV  
  74  5:44  SCV  
  75  5:51  Supply Depot  
  75  5:58  SCV  
  75  5:59  SCV  
  75  6:02  Barracks Tech Lab  
  75  6:03  Barracks Tech Lab  
  77  6:08  Barracks  
  77  6:11  Siege Tank  
  77  6:12  Medivac x2, Marine, Barracks  
  77  6:13  Marine  
  86  6:19  SCV  
  86  6:20  SCV  
  86  6:25  Terran Infantry Weapons Level 1  
  88  6:26  Supply Depot x2  
  88  6:35  Marine  
  88  6:36  Marine  
  88  6:37  Marine x2  
  88  6:38  Stimpack  
  88  6:39  Combat Shield  
  92  6:41  SCV  
  93  6:47  Siege Tank  
  93  6:49  Supply Depot  
  93  6:50  Supply Depot, Medivac  
  93  6:51  Medivac  
  100  6:55  Marine x4  
  100  6:58  Barracks Reactor  
  104  7:01  Barracks Reactor  
  104  7:12  Supply Depot, Marine  
  104  7:13  Marine  
  104  7:14  Supply Depot  
  106  7:18  Marine x2  
  106  7:21  Siege Tank  
  111  7:30  Marine x2  
  111  7:36  Marine x2  
  115  7:47  Marine x4  
  115  7:48  Marine x2  
  115  7:50  Supply Depot x2  
  121  7:51  Medivac  
  121  7:52  Medivac  
  121  7:53  Siege Tank  
  121  7:54  Marine x2  
  128  9:10  Marine x5  
  128  9:11  Marine x3  
  128  9:13  Medivac, Siege Tank  
  128  9:15  Medivac  
  143  9:28  Marine x8  
  154  9:45  Marine  
  154  9:46  Marine x3  
  154  9:51  Supply Depot  
  154  9:52  Supply Depot  
Show
View Real Time Build Order
Export as new Build Order

A.I. 1 (Medium) Protoss 

Build Orders:  

Get SALT Encoding   

  12  0:00  Probe  
  13  0:13  Probe  
  14  0:20  Pylon  
  14  0:25  Probe  
  15  0:34  Probe  
  15  0:42  Probe  
  16  0:48  Assimilator  
  17  0:50  Gateway  
  17  0:52  Probe  
  18  1:01  Pylon  
  18  1:30  Gateway  
  18  1:35  Assimilator  
  18  1:41  Cybernetics Core  
  18  1:45  Zealot  
  20  2:04  Pylon  
  20  2:05  Zealot  
  22  2:16  Warp Gate  
  22  2:23  Adept  
  24  2:34  Adept  
  26  2:47  Probe  
  26  2:48  Adept  
  27  2:55  Pylon  
  29  2:59  Probe  
  29  3:04  Stalker  
  32  3:11  Probe  
  33  3:12  Adept  
  35  3:20  Forge  
  35  3:24  Probe  
  36  3:34  Adept  
  36  3:36  Probe  
  39  3:48  Probe  
  40  4:13  Probe  
  40  5:10  Stalker, Probe  
  40  5:12  Photon Cannon  
  40  5:13  Photon Cannon  
  43  5:14  Pylon  
  43  5:16  Robotics Facility  
  43  5:19  Stargate  
  43  5:23  Twilight Council, Sentry  
  45  5:30  Gateway  
  45  5:32  Probe  
  46  5:36  Stalker, Pylon  
  48  5:46  Forge  
  48  5:49  Stalker  
  34  6:02  Stalker  
  34  6:03  Observer  
  37  6:14  Sentry  
  39  6:25  Observer  
  40  6:27  Zealot  
  40  6:31  Nexus  
  42  6:40  Adept  
  44  6:53  Zealot  
  46  7:06  Stalker  
  48  7:19  Adept  
  50  7:42  Probe  
  51  7:46  Probe  
  51  7:50  Probe  
  52  7:52  Assimilator  
  52  7:55  Pylon  
  52  7:57  Pylon  
  52  7:58  Probe x2  
  55  8:10  Probe  
  55  8:12  Probe  
  57  8:19  Photon Cannon  
  57  8:22  Photon Cannon  
  57  8:23  Stalker, Probe  
  57  8:24  Probe  
  39  8:35  Probe  
  39  8:36  Zealot  
  41  8:43  Void Ray  
  35  8:50  Zealot  
  25  9:03  Adept  
  27  9:16  Zealot  
  28  9:32  Sentry  
  28  9:33  Pylon  
  28  9:35  Pylon  
  20  9:38  Probe  
Tags
 
Add a new tag
Caveats
  • Supply blocks, unpowered buildings, or Contaminate may cause inaccurate times.
  • Supply counts are checked every 10 seconds.